 Dungeon Crawl Stone Soup version 0.30.1-3-gfc49f6343a (webtiles) character file.

Game seed: 11585797310622078933

207 Zeor the Slasher (level 5, -8/40 HPs)
             Began as a Demonspawn Gladiator on Aug 9, 2023.
             Mangled by a kobold brigand
             ... wielding a +0 quarterstaff
              (13 damage)
             ... on level 4 of the Dungeon.
             The game lasted 00:06:40 (2310 turns).

Zeor the Slasher (Demonspawn Gladiator)             Turns: 2310, Time: 00:06:41

Health: -8/40      AC:  7    Str: 20    XL:     5   Next: 54%
Magic:  5/5        EV: 13    Int: 10    God:
Gold:   156        SH:  4    Dex: 16    Spells: 4/4 levels left

rFire   . . .        a - +0 long sword (drain)
rCold   . . .        (no shield)
rNeg    . . .        b - +0 leather armour
rPois   .            c - +0 helmet
rElec   .            (no cloak)
rCorr   .            h - +0 pair of gloves
SInv    .            (no boots)
Will    .....        (no amulet)
Stlth   +            l - +6 ring of strength
HPRegen 0.26/turn    (no ring)
MPRegen 0.09/turn

%: no passive effects
@: no status effects
A: rugged brown scales 2, foul stench 1, condensation shield
a: no special abilities


You were on level 4 of the Dungeon.
You visited 1 branch of the dungeon, and saw 4 of its levels.

You collected 156 gold pieces.

Inventory:

Hand Weapons
 a - a +0 long sword of draining (weapon)
 q - a +1 dagger of venom
Missiles
 d - 2 throwing nets
 e - 5 javelins
 f - 3 boomerangs (quivered)
 k - 5 poisoned darts
Armour
 b - a +0 leather armour (worn)
 c - a +0 helmet (worn)
 h - a +0 pair of gloves (worn)
Jewellery
 i - a ring of fire
 j - an amulet of magic regeneration
 l - a +6 ring of strength (left hand)
Scrolls
 n - a scroll of poison
 p - a scroll of fear
Potions
 m - a potion of degeneration {unknown}
 o - a potion of might {unknown}


   Skills:
 + Level 2.5 Fighting
 * Level 4.7 Long Blades
 + Level 1.9 Throwing
 + Level 1.1 Armour
 * Level 3.5 Dodging
 - Level 0.2 Stealth
 + Level 0.2 Shields


You had 4 spell levels left.
You didn't know any spells.
Your spell library contained the following spells:

 Spells                   Type           Power      Damage    Failure   Level
 Blink                    Tloc           0%         N/A       56%         2
 Manifold Assault         Tloc           0%         N/A       99%         4
 Storm Form               Tmut/Air       0%         N/A       100%        7


Dungeon Overview and Level Annotations

Branches:
Dungeon (4/15)
 Temple: D:4-7

Altars:


Innate Abilities, Weirdness & Mutations

You are mostly covered in rugged brown scales. (AC +2, +5% HP)
You may rarely emit foul miasma when damaged in melee.
A meltable shield of frost defends you. (SH +4)


Message History

You feel sick.
The kobold brigand shouts!
You feel sick.
You are no longer poisoned.
The kobold brigand throws a poisoned dart.
The poisoned dart hits you!
You are poisoned.
You feel sick.
Throw: 3 boomerangs
Press: ? - help, Q - select action, (/) - cycle Shift-Dir - straight line, f - kobold brigand
Aim: a kobold brigand, wielding a +0 quarterstaff and quivering poisoned darts (53% to hit)
Okay, then.
Throw: 3 throwing nets
Press: ? - help, Shift-Dir - straight line, f - kobold brigand
Aim: a kobold brigand, wielding a +0 quarterstaff and quivering poisoned darts (53% to hit)
You throw a throwing net.
The throwing net closely misses the kobold brigand.
You feel sick.
The kobold brigand drinks a potion.
The kobold brigand goes berserk!
You feel sick.
You hit the kobold brigand.
The kobold brigand is lightly wounded.
You feel sick.
The kobold brigand hits you with a +0 quarterstaff!
* * * LOW HITPOINT WARNING * * *
The kobold brigand barely misses you.
You slash the kobold brigand! You drain the kobold brigand.
The kobold brigand is moderately wounded.
You feel sick.
The kobold brigand hits you with a +0 quarterstaff.
* * * LOW HITPOINT WARNING * * *
The kobold brigand closely misses you.
You feel better.
The kobold brigand hits you with a +0 quarterstaff!
* * * LOW HITPOINT WARNING * * *
You hit the kobold brigand. You drain the kobold brigand.
The kobold brigand is heavily wounded.
The kobold brigand hits you but does no damage.
The kobold brigand hits you with a +0 quarterstaff!
You die...

∙∙∙∙∙∙∙∙∙∙∙∙∙∙∙>∙∙∙∙∙∙∙∙▒∙▒
▒∙▒∙∙<∙∙∙∙∙∙∙∙∙∙∙)∙∙)∙▒∙▒
▒∙▒∙▒∙▒▒▒∙▒∙∙∙∙∙∙▒)▒▒∙▒
▒∙▒)▒∙▒ ▒∙▒∙▒▒▒∙▒▒∙∙∙∙▒
▒∙∙∙▒∙▒ ▒∙∙∙~~~∙∙)∙∙∙∙▒
▒▒▒▒▒<▒ ~~~~~~~~▒∙))∙▒
▒∙∙∙▒▒▒▒▒▒~~~≈~≈~~∙∙∙∙▒
∙∙∙∙∙(∙∙∙▒▒▒≈≈≈▒▒▒▒▒∙∙▒▒
▒∙∙K6∙∙∙▒▒▒▒▒∙∙∙∙∙∙∙∙
▒▒▒▒▒▒∙†)∙∙∙∙∙∙∙∙∙▒▒∙
▒▒▒∙∙∙∙∙▒▒▒∙∙▒ ∙ ▒▒▒▒▒▒▒
∙∙▒▒ ▒∙▒▒ ▒∙ ∙∙ ▒▒∙ ▒▒


You could see a kobold brigand (berserk, very drained).

Vanquished Creatures
  An orc priest (D:3)
  A jelly (D:3)
  5 adders
  3 worms
  A dart slug (D:1)
  3 orcs
  4 endoplasms
  7 giant cockroaches
  9 goblins
  8 hobgoblins
  3 jackals (D:1)
  4 quokkas
  6 ball pythons
  6 bats
  4 frilled lizards
  15 kobolds
  8 rats
88 creatures vanquished.

Notes
Turn   | Place    | Note
-------+----------+-------------------------------------------
     0 | D:1      | Zeor the Demonspawn Gladiator began the quest for the Orb.
     0 | D:1      | Reached XP level 1. HP: 16/16 MP: 1/1
    45 | D:1      | Reached skill level 3 in Long Blades
   119 | D:1      | Gained mutation: A meltable shield of frost defends you.
                  | (SH +4) [demonic ancestry]
   119 | D:1      | Reached XP level 2. HP: 22/22 MP: 2/2
   513 | D:1      | Gained mutation: You are partially covered in rugged brown
                  | scales. (AC +1, +3% HP) [demonic ancestry]
   513 | D:1      | Reached XP level 3. HP: 14/27 MP: 3/3
   904 | D:2      | Gained mutation: You may rarely emit foul miasma when
                  | damaged in melee. [demonic ancestry]
   904 | D:2      | Reached XP level 4. HP: 33/33 MP: 4/4
   962 | D:2      | Reached skill level 4 in Long Blades
  1583 | D:3      | Gained mutation: You are mostly covered in rugged brown
                  | scales. (AC +2, +5% HP) [demonic ancestry]
  1583 | D:3      | Reached XP level 5. HP: 33/40 MP: 5/5
  1855 | D:3      | Reached skill level 1 in Armour
  2310 | D:4      | Mangled by a kobold brigand

Illustrated notes

Levels and vault maps discovered:
D:1:      nicolae_arrival_escape_room, layout_basic, serial_bayou_crossing
D:2:      layout_basic
D:3:      layout_basic
D:4:      cheibrodos_thug_alley, layout_basic

Skill      XL: |  1  2  3  4  5 |
---------------+----------------+-----
Long Blades    | 3 4 |  4.7
Dodging        | 3 |  3.5
Armour         | 1 |  1.1
Fighting       | |  2.5
Throwing       | |  1.9
Stealth        | |  0.2
Shields        | |  0.2

Action                     |  1- 3 |  4- 6 || total
---------------------------+-------+-------++-------
  Melee: Long sword        |   106 |   114 ||   220
         Punch             |       |     1 ||     1
  Throw: Dart              |       |     2 ||     2
         Boomerang         |       |     3 ||     3
         Throwing net      |       |     1 ||     1
    Use: Potion            |     1 |     3 ||     4
         Scroll            |     2 |     6 ||     8
   Stab: Sleeping          |     2 |       ||     2
 Armour: Leather armour    |    48 |    25 ||    73
  Dodge: Dodged            |    83 |    57 ||   140
  Block: Other             |    25 |    15 ||    40
